 Dungeon Crawl Stone Soup version 0.23.2-33-g5129a83184 (webtiles) character file.

Game seed: 7616796593445946716

69 Aiteri the Skirmisher (level 4, -2/60 HPs)
             Began as a Hill Orc Fighter on July 10, 2019.
             Was an Initiate of Okawaru.
             Slain by a killer bee (4 damage)
             ... on level 2 of the Dungeon.
             The game lasted 00:04:34 (1533 turns).

Aiteri the Skirmisher (Hill Orc Fighter)            Turns: 1533, Time: 00:04:34

Health: -2/60      AC: 13    Str: 23 (24) XL:     4   Next: 20%
Magic:  5/5        EV:  5    Int:  6 (8)  God:    Okawaru [......]
Gold:   103        SH:  9    Dex:  9 (10) Spells: 3/3 levels left

rFire    . . .     SeeInvis .   a - +0 war axe
rCold    . . .     Gourm    .   c - +0 shield
rNeg     . . .     Faith    .   m - +0 chain mail
rPois    .         Spirit   .   q - +0 helmet
rElec    .         Reflect  .   (no cloak)
rCorr    .         Harm     .   (no gloves)
MR       .....                  (no boots)
Stlth    ..........             (no amulet)
HPRegen  0.20/turn              g - +3 ring of protection
MPRegen  0.09/turn              (no ring)

@: mighty, berserking, lethally poisoned (-2 -> -5), very slightly contaminated,
invisible, very quick
A: evolution 2
a: Renounce Religion


You were on level 2 of the Dungeon.
You worshipped Okawaru.
Okawaru was noncommittal.
You were not hungry.

You visited 1 branch of the dungeon, and saw 3 of its levels.

You collected 103 gold pieces.

Inventory:

Hand Weapons
 a - a +0 war axe (weapon)
Armour
 c - a +0 shield (worn)
 l - a +0 large shield
 m - a +0 chain mail (worn)
 q - a +0 helmet (worn)
Jewellery
 g - a +3 ring of protection (left hand)
Scrolls
 b - 2 scrolls of enchant weapon {unknown}
 e - 3 scrolls of identify {unknown}
 k - a scroll of enchant armour {unknown}
 n - a scroll of fog {unknown}
 p - a scroll of teleportation {unknown}
 r - a scroll of remove curse {unknown}
 s - a scroll of amnesia {unknown}
Comestibles
 f - 5 rations


   Skills:
 * Level 4.2 Fighting
 * Level 4.0 Axes
 + Level 3.7 Armour
 + Level 3.5 Shields
 * Level 1.5 Invocations


You had 3 spell levels left.
You didn't know any spells.
Your spell library was empty.

Dungeon Overview and Level Annotations

Branches:
Dungeon (3/15)

Altars:
Okawaru
Trog


Innate Abilities, Weirdness & Mutations

You rapidly evolve.


Message History

It was a potion of mutation.
You feel extremely strange.
You feel nature experimenting on you.
Don't worry, failures die fast.
Your genes go into a fast flux.
* * * LOW HITPOINT WARNING * * *
You feel sick.
The killer bee stings you but does no damage.
You block the killer bee's attack.
The killer bee stings you but does no damage.
It was a potion of degeneration.
There was something very wrong with that liquid.
You feel weakened.
You feel dopey.
You feel clumsy. You block the killer bee's attack.
The killer bee barely misses you.
The killer bee stings you but does no damage.
The killer bee barely misses you.
It was a potion of berserk rage.
A red film seems to cover your vision as you go berserk!
You feel yourself moving faster!
You feel mighty!
* * * LOW HITPOINT WARNING * * *
You feel sick. The killer bee stings you.
You die...

#.######.##.##.#.##
#........##.##..#.##
#..#####.......###.##
#...).##.##.#.## ##.##
##.##.##.##..## ##.#
#.##.##.####.## ##.##
#.............###.###
####.........#.#..#.##
####.........##@#..#.##
#............#.yy.###.#
##.##...........##>.#.##
.............#..##....#
.#.###......#_#....##.#
.#.# ######..#..##.##.#
.#.########...........#
........<...######.####
.....#####.#.......#


You could see 2 killer bees.

Vanquished Creatures
  3 worms (D:2)
  A dart slug (D:1)
  A leopard gecko (D:3)
  4 orcs (D:3)
  4 bats
  A giant cockroach (D:1)
  4 goblins
  8 hobgoblins
  5 jackals (D:1)
  2 quokkas (D:2)
  4 frilled lizards
  10 kobolds
  3 rats
50 creatures vanquished.

Notes
Turn   | Place    | Note
-------+----------+-------------------------------------------
     0 | D:1      | Aiteri the Hill Orc Fighter began the quest for the Orb.
     0 | D:1      | Reached XP level 1. HP: 19/19 MP: 1/1
   110 | D:1      | Reached XP level 2. HP: 20/27 MP: 2/2
   536 | D:1      | Reached XP level 3. HP: 33/33 MP: 3/3
   655 | D:2      | Found an iron altar of Okawaru.
   660 | D:2      | Became a worshipper of Warmaster Okawaru
   833 | D:2      | Reached skill level 1 in Invocations
  1271 | D:2      | Found an iron altar of Okawaru.
  1271 | D:2      | Found a bloodstained altar of Trog.
  1445 | D:3      | Reached XP level 4. HP: 40/40 MP: 3/5
  1530 | D:2      | HP: 2/40 [poisoned by a killer bee]
  1531 | D:2      | Gained mutation: You evolve. [potion of mutation]
  1531 | D:2      | Gained mutation: You rapidly evolve. [potion of mutation]
  1533 | D:2      | Slain by a killer bee

Skill      XL: |  1  2  3  4 |
---------------+-------------+-----
Axes           | 3 4 |  4.0
Fighting       | 4 |  4.2
Invocations    | 1 |  1.5
Armour         | |  3.7
Shields        | |  3.5

Action                   |  1- 3 |  4- 6 || total
-------------------------+-------+-------++-------
Melee: War axe           |   148 |    30 ||   178
  Use: Potion            |       |     5 ||     5
  Eat: Chunk             |     2 |       ||     2
Armor: Scale mail        |    37 |       ||    37
       Chain mail        |    39 |    44 ||    83
Dodge: Dodged            |    39 |    12 ||    51
Block: Shield            |    70 |    35 ||   105
